AoeStats
← Knat

Arabia

507956855Analyzed
2v2 RM · 12d ago on Sep 20, 2026· 44m 48s· 4 players
Game mode
Random Map
Map size
Medium (4 player)
Population
200
Speed
Normal
Resources
Standard
Victory
Conquest
Starting age
Dark Age
Ending age
Imperial Age
RankedLock teamsTeams togetherTeam positionsShared explorationLock speedFull tech treeHidden civsTurbo modeCheats
Victory
Defeat
🇨🇿 Britons · Czechia
894
+33
🇪🇸 Franks · Spain
883
+14
🇦🇹 Spanish · Austria
885
-16
🇩🇰 Poles · Denmark
801
-12
16cpb
2:43 Loom
10:42 Feudal Age
11:58 Wheelbarrow
11:12 Double-Bit Axe
19:48 Castle Age
18:36 Gold Mining
19:05 Stone Mining
21:37 Bow Saw
25:06 Scale Barding Armor
27:05 Hand Cart
33:46 Imperial Age
32:37 Gold Shaft Mining
33:17 Forging
33:28 Chain Barding Armor
33:29 Husbandry
34:54 Iron Casting
34:00 Cavalier
38:31 Paladin
39:13 Fletching
42:15 Plate Barding Armor
Eletrymus
8:56 Feudal Age
8:56 Loom
9:29 Double-Bit Axe
18:47 Padded Archer Armor
18:42 Fletching
24:36 Castle Age
24:20 Stone Mining
24:21 Gold Mining
25:15 Bodkin Arrow
24:45 Crossbowman
26:19 Pikeman
29:05 Padded Archer Armor
29:19 Bow Saw
30:52 Wheelbarrow
34:20 Yeomen
35:43 Town Watch
36:13 Hand Cart
36:40 Leather Archer Armor
42:10 Imperial Age
40:56 Ballistics
41:47 Gold Shaft Mining
41:25 Bow Saw
42:27 Masonry
42:59 Elite Longbowman
44:40 Bracer
46:02 Chemistry
Knat
10:55 Feudal Age
15:27 Double-Bit Axe
17:58 Bloodlines
18:20 Horse Collar
22:07 Scale Barding Armor
23:39 Wheelbarrow
27:41 Castle Age
28:10 Pikeman
28:52 Squires
30:13 Heavy Plow
30:33 Bow Saw
38:26 Arson
38:46 Scale Mail Armor
38:57 Forging
41:52 Husbandry
45:37 Imperial Age
42:56 Town Watch
43:27 Hand Cart
42:36 Light Cavalry
Kitty With A Relic
6:24 Loom
9:51 Feudal Age
10:28 Double-Bit Axe
17:16 Horse Collar
22:26 Castle Age
21:37 Gold Mining
22:10 Bloodlines
22:46 Scale Barding Armor
26:08 Husbandry
26:47 Forging
28:22 Wheelbarrow
27:34 Town Watch
31:36 Hand Cart
33:59 Chain Barding Armor
35:20 Iron Casting
34:36 Fletching
37:01 Bodkin Arrow
44:12 Imperial Age
42:21 Town Patrol
43:17 Bow Saw
44:34 Padded Archer Armor
44:16 Cavalier
Connection lost

Rejoining the realm…

Still unreachable

The connection could not be restored.

Session expired

The server has moved on; the page needs a fresh start.